 Dungeon Crawl Stone Soup version 0.30-a0-305-g026cb31310 (webtiles) character file.

Game seed: 17931929039610125524

10006 EdirashGloemor the Carver (level 11, -1/90 HPs)
             Began as a Barachi Cinder Acolyte on Oct 16, 2022.
             Was an Initiate of Ignis.
             Slain by a tyrant leech (23 damage)
             ... on level 2 of the Lair of Beasts on Oct 23, 2022.
             The game lasted 01:03:15 (9794 turns).

EdirashGloemor the Carver (Barachi Cinder Acolyte)  Turns: 9794, Time: 01:03:16

Health: -1/90      AC: 13    Str: 18    XL:     11   Next: 55%
Magic:  14/22      EV:  8    Int: 15    God:    Ignis [......]
Gold:   564        SH:  9    Dex: 21    Spells: 23/25 levels left

rFire   + . .      SeeInvis .    P - +4 scimitar (freeze)
rCold   . . .      Faith    .    J - +0 kite shield
rNeg    . . .      Spirit   .    T - +0 swamp dragon scales {rPois}
rPois   +          Reflect  .    c - +0 helmet
rElec   .          Harm     .    z - +1 cloak
rCorr   .          Rampage  .    (no gloves)
Will    .....                    L - +0 pair of boots
Stlth   +.........               R - amulet of regeneration
HPRegen 1.15/turn                E - +6 ring of dexterity
MPRegen 0.18/turn                H - +6 ring of dexterity

@: mighty, unable to hop, slow
A: amphibious, slowness 1, strong legs 1, +LOS
a: Hop, Renounce Religion


You were on level 2 of the Lair of Beasts.
You worshipped Ignis.
Ignis was noncommittal.
You visited 3 branches of the dungeon, and saw 13 of its levels.
You also visited: Ossuary.

You collected 564 gold pieces.


Innate Abilities, Weirdness & Mutations

You are amphibious.
You cover ground slowly.
You can hop short distances.
You have an extended range of vision and can be seen from far away.


   Skills:
 + Level 9.9 Fighting
 * Level 13.3 Long Blades
 - Level 5.0 Armour
 * Level 1.8 Shields
 + Level 7.7 Spellcasting
 + Level 4.4 Hexes
 + Level 8.1 Fire Magic


You had 23 spell levels left.
You knew the following spells:

 Your Spells              Type           Power      Damage    Failure   Level
s - Scorch                Fire           60%        2d8       3%          2

Your spell library contained the following spells:

 Spells                   Type           Power      Damage    Failure   Level
 Confusing Touch          Hex            19%        N/A       32%         3
 Kiss of Death            Conj/Necr      20%        2d7       56%         1
 Magic Dart               Conj           20%        1d4       56%         1
 Searing Ray              Conj           10%        2d4       71%         2
 Static Discharge         Conj/Air       10%        2-3/arc   71%         2
 Sublimation of Blood     Necr           5%         N/A       71%         2
 Cause Fear               Hex            9%         N/A       73%         4
 Fulminant Prism          Conj/Hex       6%         3d7       95%         4
 Dispel Undead            Necr           5%         3d7       100%        4
 Petrify                  Tmut/Erth      5%         N/A       100%        4
 Blade Hands              Tmut           2%         N/A       100%        5
 Irradiate                Conj/Tmut      2%         3d12      100%        5
 Summon Mana Viper        Hex/Summ       12%        N/A       100%        5
 Dragon Form              Tmut           2%         N/A       100%        7
 Enfeeble                 Hex            9%         N/A       100%        7

Inventory:

Hand Weapons
 a - a -1 falchion of flaming
 P - a +4 scimitar of freezing (weapon)
Missiles
 k - 6 silver boomerangs (quivered)
 I - 3 throwing nets {!f}
 Q - 136 stones
Armour
 b - a +0 robe
 c - a +0 helmet (worn)
 z - a +1 cloak (worn)
 A - a +0 ring mail of fire resistance {rF+}
 J - a +0 kite shield (worn)
 L - a +0 pair of boots (worn)
 T - +0 swamp dragon scales (worn) {rPois}
Jewellery
 w - an amulet of magic regeneration
 y - a ring of fire {rF+, rC-}
 E - a +6 ring of dexterity (left hand)
 H - a +6 ring of dexterity (right hand)
 M - a ring of magical power {MP+9}
 N - a ring of positive energy {rN+}
 R - an amulet of regeneration (around neck)
Wands
 e - a wand of flame (3)
 g - a wand of iceblast (14)
 D - a wand of quicksilver (6)
 G - a wand of polymorph (10)
 S - a wand of mindburst (6)
Scrolls
 j - 2 scrolls of noise {!r}
 t - 6 scrolls of teleportation
 C - 2 scrolls of enchant weapon
Potions
 d - 3 potions of might {!q}
 f - 2 potions of haste {unknown}
 h - a potion of flight {unknown}
 l - a potion of heal wounds {!q@q1}
 m - 3 potions of magic {unknown}
 n - 4 potions of lignification {!q!q}
 p - 5 potions of mutation {!q!q}
 q - 10 potions of curing {@q2}
 r - a potion of ambrosia {unknown}
 s - 5 potions of attraction {!q}
 u - a potion of degeneration {unknown}

Dungeon Overview and Level Annotations

Branches:
Dungeon (10/15) Zot: 25784  Temple (1/1) D:5 Zot: 5944    Lair (1/5) D:9 Zot: 11414
Ossuary (visited)
    Orc: D:9-12

Altars:
Ashenzari
Cheibriados
Dithmenos
Elyvilon
Fedhas
Gozag
Hepliaklqana
Kikubaaqudgha
Makhleb
Nemelex Xobeh
Okawaru
Qazlal
Ru
Sif Muna
Trog
Uskayaw
Vehumet
Wu Jian
Xom
Yredelemnul
Zin
The Shining One

Shops:
D:1 [   D:6 ** D:9

!
.####.###....##..................
.###..##.#...#.............P..###
.............##.....##.....#..#
.............##.P#####..........
.............######.#############
.....................# ###
.....................#...#
.......................#
................@......#
...............w#####..#
..P.#.#..#....### ...#
..##....#......# ###
........##†...## ...#....##....#
..###.###.....# ...###.P.#w...#
..............# #


You could see a tyrant leech.


Message History

The mass of ice explodes!
The iceblast engulfs the swamp worm.
The swamp worm fires a harpoon shot at you.
You block the harpoon shot.
You regained 2 hp, and now have 39/90 hp.
Really quaff
d - 4 potions of might {!q}?
You feel very mighty all of a sudden.
You can't see any susceptible monsters within range! (Use Z to cast anyway.) Hit: P) +4 scimitar (freeze)
Okay, then.
Aim: a swamp worm (moderately wounded, chance to affect: 72%)
The swamp worm's mind is blasted!
The swamp worm fires a harpoon shot at you.
The harpoon shot hits you.
* * * LOW HITPOINT WARNING * * *
You are yanked forward by the harpoon shot.
You take 4 damage, and have 36/90 hp.
Flames lash the tyrant leech.
The tyrant leech's fire resistance burns away.
The swamp worm bites you!!
* * * LOW HITPOINT WARNING * * *
You take 17 damage, and have 19/90 hp.
You now have 13/22 mp.
You hit the swamp worm. You freeze the swamp worm.
The swamp worm bites you but does no damage. x2
You barely miss the swamp worm. You block the tyrant leech's attack.
You block the swamp worm's attack.
You slash the swamp worm! You freeze the swamp worm.
You kill the swamp worm!
The tyrant leech is no longer more vulnerable to fire.
The tyrant leech bites you!!
You die...

Skill      XL: |  1  2  3  4  5  6  7  8  9 10 11 |
---------------+----------------------------------+-----
Long Blades    | 4 5 6 7 9 10 12 13 | 13.3
Armour         | 1 2 3 5 |  5.0
Fighting       | 4 5 6 8 9 |  9.9
Spellcasting   | 2 3 4 5 7 |  7.7
Fire Magic     | 4 5 6 7 8 |  8.1
Hexes          | 3 4 |  4.4
Shields        | 1 |  1.8

Action                   |  1- 3 |  4- 6 |  7- 9 | 10-12 || total
-------------------------+-------+-------+-------+-------++-------
Melee: Falchion          |   157 |   122 |   526 |    28 ||   833
       Punch             |     1 |     3 |     5 |     4 ||    13
       Long sword        |       |       |       |    75 ||    75
       Scimitar          |       |       |       |   152 ||   152
 Cast: Scorch            |     2 |    11 |    75 |    94 ||   182
Invok: Fiery Armour      |     1 |     1 |     4 |     1 ||     7
       Foxfire Swarm     |       |     2 |     2 |       ||     4
       Rising Flame      |       |       |       |     1 ||     1
 Abil: Hop               |       |       |     1 |     6 ||     7
Evoke: Wand              |       |       |     4 |    18 ||    22
  Use: Scroll            |       |       |     3 |    15 ||    18
       Potion            |       |       |       |     3 ||     3
Armor: Robe              |    58 |       |       |       ||    58
       Ring mail         |    11 |    59 |   226 |    35 ||   331
       Swamp dragon scal |       |       |       |    75 ||    75
Dodge: Dodged            |   105 |    62 |   315 |   156 ||   638
Block: Kite shield       |       |       |       |    17 ||    17

Levels and vault maps discovered:
D:1:      matt_arrival_grand_opening, layout_basic, serial_shops,
          nicolae_shop_hallway_plus
D:2:      layout_loops_ring, minmay_misc_feat_ornament
D:3:      layout_basic, lemuel_crystal_altar, serial_corexii_hall,
          corexii_hall_statues_u, corexii_hall_statues_deadend,
          corexii_hall_statues_t, kennysheep_donut, st_stairs_12,
          hangedman_decor_slide_cut, serial_park_tiny_1, fountainhead,
          grunt_decor_one_mirror, kennysheep_nondescript
D:4:      layout_basic, uniq_menkaure
D:5:      layout_gridville, ashenzari_conservatory_becter,
          minmay_temple_entry_tees, gup_ossuary_entry_pyramid,
          uniq_prince_ribbit1, uniq_duvessa
D:6:      layout_loops_corners, mainiacjoe_overflow_tiny_flanked,
          nicolae_specific_store, kennysheep_cluttered_room,
          chequers_serial_rivers_micro_d, uniq_sigmund
D:7:      layout_loops_ring, lemuel_mausoleum_altar_yredelemnul, minitemple,
          nrook_mini_vaults
D:8:      layout_rooms, lemuel_tele_altar, fungi_pond_lemuel,
          roderic_serpentine_path, hex_medium
D:9:      layout_long_grid, nicolae_gozag_cash_rules_everything_around_me,
          hellmonk_lair_entry_icy, serial_shops, shop,
          minmay_misc_feat_secret_circle, kennysheep_generic_room_11,
          uniq_maggie
D:10:     layout_basic, okawaru_gym_becter, nicolae_vehumet_radiance
Temple:   hellmonk_temple_of_storms
Lair:1:   layout_layer_cave, chequers_serial_rivers_micro_d
Lair:2:   layout_regular_city, minmay_swamp_entry_worms,
          nicolae_volcano_entry_vermiform, evilmike_ambush
          [evilmike_ambush_outer_corners, evilmike_ambush_inner_pond],
          serial_bayou_shore_b

Notes
Turn   | Place    | Note
-------+----------+-------------------------------------------
     0 | D:1      | EdirashGloemor the Barachi Cinder Acolyte began the quest
                  | for the Orb.
     0 | D:1      | Reached XP level 1. HP: 18/18 MP: 2/2
   141 | D:1      | Reached XP level 2. HP: 25/25 MP: 3/3
   221 | D:1      | Reached skill level 4 in Long Blades
   375 | D:1      | Reached XP level 3. HP: 27/30 MP: 5/5
   412 | D:1      | Reached skill level 1 in Armour
   508 | D:1      | Found Acizuff's Armour Shoppe.
   805 | D:2      | Learned a level 2 spell: Scorch
   962 | D:2      | Reached skill level 4 in Fighting
  1238 | D:2      | Reached XP level 4. HP: 34/37 MP: 6/6
  1682 | D:3      | Reached skill level 2 in Spellcasting
  1688 | D:3      | Found a glowing golden altar of the Shining One.
  2138 | D:3      | Reached XP level 5. HP: 41/42 MP: 8/8
  2380 | D:4      | Noticed a black bear
  2387 | D:4      | Reached skill level 5 in Long Blades
  2392 | D:4      | Killed a black bear
  2393 | D:4      | Reached skill level 2 in Armour
  2393 | D:4      | Reached skill level 4 in Fire Magic
  2410 | D:4      | Identified an amulet of regeneration
  2436 | D:4      | Reached XP level 6. HP: 49/49 MP: 9/9
  2495 | D:4      | Noticed Menkaure
  2500 | D:4      | Killed Menkaure
  2761 | D:4      | Reached skill level 6 in Long Blades
  2865 | D:4      | Reached skill level 3 in Armour
  2865 | D:4      | Reached skill level 3 in Spellcasting
  2865 | D:4      | Reached XP level 7. HP: 53/55 MP: 8/11
  3055 | D:5      | Entered Level 5 of the Dungeon
  3056 | D:5      | Identified 3 scrolls of teleportation
  3057 | D:5      | Identified 3 scrolls of identify
  3057 | D:5      | Identified 3 potions of attraction
  3128 | D:5      | Reached skill level 5 in Fighting
  3165 | D:5      | Found a sand-covered staircase.
  3175 | Ossuary  | Entered an ossuary
  3350 | Ossuary  | Reached skill level 7 in Long Blades
  3350 | Ossuary  | Reached skill level 5 in Fire Magic
  3358 | Ossuary  | Reached XP level 8. HP: 63/63 MP: 13/13
  3433 | D:5      | Reached skill level 4 in Armour
  3445 | D:5      | Found a staircase to the Ecumenical Temple.
  3491 | Temple   | Entered the Ecumenical Temple
  3603 | D:5      | Noticed Prince Ribbit
  3612 | D:5      | Killed Prince Ribbit
  3613 | D:5      | Reached skill level 6 in Fighting
  3613 | D:5      | Reached skill level 4 in Spellcasting
  3657 | D:5      | Found a broken altar of Ashenzari.
  3690 | D:5      | Noticed Dowan
  3692 | D:5      | Noticed Duvessa
  3707 | D:5      | Killed Duvessa
  3708 | D:5      | Reached skill level 8 in Long Blades
  3709 | D:5      | Killed Dowan
  3770 | D:5      | Reached skill level 5 in Armour
  3886 | D:5      | Identified a ring of fire
  4154 | D:5      | Identified 7 potions of curing
  4218 | D:6      | Found Nutukaug's Specific Store.
  4218 | D:6      | Found Xaaxkidd's General Store.
  4276 | D:6      | Identified a ring of positive energy
  4456 | D:6      | Noticed Sigmund
  4462 | D:6      | HP: 15/65 [Sigmund/bolt of dispelling energy (14)]
  4463 | D:6      | Killed Sigmund
  4464 | D:6      | Reached skill level 9 in Long Blades
  4464 | D:6      | Reached XP level 9. HP: 17/71 MP: 5/16
  4671 | D:6      | HP: 16/71 [orc priest/nerve-wracking pain (4)]
  4781 | D:6      | Reached skill level 7 in Fighting
  4832 | D:6      | Identified a +6 ring of dexterity
  4875 | D:6      | Reached skill level 5 in Spellcasting
  4882 | D:6      | Found a sacrificial altar of Ru.
  5337 | D:7      | Reached skill level 6 in Fire Magic
  5359 | D:7      | Reached skill level 10 in Long Blades
  5947 | D:7      | Reached skill level 8 in Fighting
  5977 | D:7      | Reached XP level 10. HP: 78/79 MP: 15/18
  6015 | D:7      | Found a basalt altar of Yredelemnul.
  6035 | D:7      | Reached skill level 6 in Spellcasting
  6067 | D:7      | Reached skill level 11 in Long Blades
  6162 | D:7      | Found a shadowy altar of Dithmenos.
  6166 | D:7      | Found a shimmering altar of Xom.
  6167 | D:7      | Found a hide-covered altar of Uskayaw.
  6215 | D:7      | Identified 3 potions of might
  6216 | D:7      | Identified 4 potions of lignification
  6228 | D:8      | Identified the +1 robe "Qoqiul" {Harm Will- Str+2}
  6265 | D:8      | HP: 15/80 [electric eel/bolt of electricity (12)]
  6482 | D:8      | Found a blossoming altar of Fedhas.
  6592 | D:8      | Reached skill level 7 in Fire Magic
  6766 | D:8      | Got the Precepts of the Tanner
  7074 | D:9      | HP: 16/71 [wight/+2 short sword (2)]
  7130 | D:9      | Noticed a two-headed ogre
  7197 | D:9      | Found Zyana's Distillery.
  7226 | D:9      | Reached skill level 1 in Hexes
  7238 | D:9      | Killed a two-headed ogre
  7239 | D:9      | Reached skill level 2 in Hexes
  7265 | D:9      | Identified 3 potions of heal wounds
  7352 | D:9      | Noticed Maggie
  7363 | D:9      | Killed Maggie
  7364 | D:9      | Reached skill level 9 in Fighting
  7364 | D:9      | Reached skill level 12 in Long Blades
  7517 | D:8      | HP: 20/83 [rime drake/flash freeze (22)]
  7641 | D:9      | Reached skill level 7 in Spellcasting
  7758 | D:9      | Found a staircase to the Lair.
  7806 | D:9      | Reached skill level 3 in Hexes
  7814 | D:9      | Reached XP level 11. HP: 89/89 MP: 17/21
  7972 | D:9      | Found an opulent altar of Gozag.
  8198 | D:10     | Entered Level 10 of the Dungeon
  8257 | D:10     | Found a radiant altar of Vehumet.
  8325 | D:10     | Found an iron altar of Okawaru.
  8338 | D:10     | HP: 22/88 [vampire mosquito (5)]
  8344 | D:9      | HP: 19/88 [vampire mosquito (6)]
  8349 | D:9      | Reached skill level 8 in Fire Magic
  8700 | D:10     | Reached skill level 13 in Long Blades
  8700 | D:10     | Reached skill level 4 in Hexes
  8719 | D:10     | Identified an amulet of magic regeneration
  9110 | D:10     | Upgraded the game from 0.30-a0-279-g4b46babb21 to
                  | 0.30-a0-305-g026cb31310
  9153 | Lair:1   | Entered Level 1 of the Lair of Beasts
  9391 | Lair:1   | You fall into a shaft and drop 1 floor!
  9398 | Lair:2   | Identified 5 potions of mutation
  9399 | Lair:2   | Identified a scroll of enchant armour
  9400 | Lair:2   | Identified a scroll of immolation
  9401 | Lair:2   | Identified a scroll of poison
  9402 | Lair:2   | Identified a scroll of brand weapon
  9403 | Lair:2   | Identified 3 scrolls of noise
  9627 | Lair:2   | Identified a scroll of enchant weapon
  9628 | Lair:2   | Identified a scroll of blinking
  9629 | Lair:2   | Identified a scroll of vulnerability
  9630 | Lair:2   | Identified a scroll of silence
  9665 | Lair:2   | Reached skill level 1 in Shields
  9678 | Lair:2   | Identified a ring of magical power
  9726 | Lair:2   | Identified a scroll of fear
  9772 | Lair:2   | HP: 20/90 [tyrant leech (17)]
  9791 | Lair:2   | HP: 19/90 [swamp worm (18)]
  9794 | Lair:2   | Slain by a tyrant leech

Vanquished Creatures
  A two-headed ogre (D:9)
  2 cane toads (Lair:1)
  Maggie (D:9)
  2 rime drakes
  A komodo dragon (Lair:2)
  A troll (D:10)
  Prince Ribbit (D:5)
  Sigmund (D:6)
  4 yaks (D:10)
  A basilisk (Lair:1)
  3 vampire mosquitoes
  2 steam dragons
  Menkaure (D:4)
  A swamp worm (Lair:2)
  Duvessa (D:5)
  2 orc warriors (D:8)
  6 ice beasts
  An ogre (D:6)
  A black bear (D:4)
  5 centaurs
  5 wolves
  5 bullfrogs
  2 kobold brigands (D:8)
  A gnoll sergeant (D:10)
  4 scorpions
  6 water moccasin zombies
  6 necrophages
  19 wights
  Dowan (D:5)
  2 howler monkeys (D:9)
  2 electric eels (D:8)
  A bullfrog zombie (D:7)
  2 hounds (D:5)
  5 orc priests
  5 jellies
  A human zombie (D:7)
  3 gnoll boudas
  7 orc wizards
  2 iguanas (D:5)
  3 killer bee zombies (D:7)
  3 mummies
  16 gnolls
  9 adders
  3 shadow imps
  2 ufetubi
  3 adder zombies (Ossuary)
  5 worms
  3 dart slugs
  35 orcs
  11 bats
  6 endoplasms
  4 giant cockroaches
  4 gnoll zombies (Ossuary)
  6 goblins
  5 hobgoblins
  4 jackals (D:5)
  18 kobolds
  3 quokkas
  6 ball pythons
  2 frilled lizards
  7 hobgoblin zombies (Ossuary)
  9 kobold zombies (Ossuary)
  An orc zombie (Ossuary)
  5 rats
290 creatures vanquished.

Vanquished Creatures (others)
  A bush (Lair:2)
  44 foxfires
  7 fungi
  12 plants (Lair:2)
64 creatures vanquished.

Grand Total: 354 creatures vanquished

Table legend: (Time is in decaauts)
 A = Elapsed time spent in this place.
 B = Non-inter-level travel time spent in this place.
 C = Inter-level travel time spent in this place.
 D = Time resting spent in this place.
 E = Time spent auto-exploring this place.
 F = Levels seen in this place.
 G = Mean time per level.
                   A        B        C        D        E       F      G
               +--------+--------+--------+--------+--------+-----+--------+
         Total |  11168 |  10557 |    611 |    715 |   7084 |  14 |  797.7 |
       Dungeon |  10275 |   9678 |    597 |    508 |   6916 |  10 | 1027.5 |
        Temple |     55 |     55 |      0 |      0 |      0 |   1 |   55.0 |
          Lair |    584 |    570 |     14 |    206 |    147 |   2 |  292.0 |
       Ossuary |    252 |    252 |      0 |      0 |     20 |   1 |  252.0 |
               +--------+--------+--------+--------+--------+-----+--------+

Top non-repeatable levels by time:
     D:8: 1256 daAuts
     D:9: 1209 daAuts
     D:6: 1151 daAuts
     D:7: 1134 daAuts
    D:10: 1006 daAuts
     D:3: 986 daAuts
     D:1: 945 daAuts
     D:5: 917 daAuts
     D:2: 836 daAuts
     D:4: 832 daAuts
  Lair:2: 426 daAuts
 Ossuary: 252 daAuts
  Lair:1: 158 daAuts
  Temple: 55 daAuts

Table legend:
 A = Kills in this place as a percentage of kills in entire the game.
 B = Kills by you in this place as a percentage of kills by you in the entire game.
 C = Kills by friends in this place as a percentage of kills by friends in the entire game.
 D = Other kills in this place as a percentage of other kills in the entire game.
 E = Experience gained in this place as a percentage of experience gained in the entire game.
 F = Experience gained in this place divided by the number of levels of this place that you have seen.
                   A       B       C       D       E      F
               +-------+-------+-------+-------+-------+----------------------
         Total | 100.0 | 100.0 |   N/A |   N/A | 100.0 | 1032.5
       Dungeon |  86.2 |  86.2 |   N/A |   N/A |  81.1 | 1173.0
          Lair |   3.1 |   3.1 |   N/A |   N/A |  15.5 | 1119.5
       Ossuary |  10.7 |  10.7 |   N/A |   N/A |   3.4 | 486.0
               +-------+-------+-------+-------+-------+----------------------

Table legend:
 A = Non-vault XP
 B = Vault XP
 C = Vault XP percentage of total XP
 D = Non-vault monster count
 E = Vault monster count
 F = Vault count percentage of total count
                 A         B        C        D         E       F
            +---------+---------+-------+---------+---------+-------
      Total |   10433 |    4022 |  27.8 |     229 |      61 |  21.0
            +---------+---------+-------+---------+---------+-------
        D:1 |      50 |       0 |   0.0 |      30 |       0 |   0.0
        D:2 |      38 |       0 |   0.0 |      16 |       0 |   0.0
        D:3 |      91 |       2 |   2.2 |      24 |       1 |   4.0
        D:4 |     312 |     172 |  35.5 |      17 |       1 |   5.6
        D:5 |     550 |     521 |  48.6 |      16 |       4 |  20.0
        D:6 |     790 |     223 |  22.0 |      26 |       1 |   3.7
        D:7 |     969 |     758 |  43.9 |      25 |      12 |  32.4
        D:8 |    1312 |     745 |  36.2 |      27 |       4 |  12.9
        D:9 |    2282 |     955 |  29.5 |      17 |       6 |  26.1
       D:10 |    1960 |       0 |   0.0 |      23 |       0 |   0.0
     Lair:1 |    1042 |       0 |   0.0 |       3 |       0 |   0.0
     Lair:2 |    1037 |     160 |  13.4 |       5 |       1 |  16.7
    Ossuary |       0 |     486 | 100.0 |       0 |      31 | 100.0
            +---------+---------+-------+---------+---------+-------
